 Dungeon Crawl Stone Soup version 0.28-b1-25-g9875b3fc8c (webtiles) character file.

Game seed: 8086833375424962321

331 zeram the Chopper (level 6, 0/53 HPs)
             Began as a Hill Orc Fighter on Feb 2, 2022.
             Succumbed to a kobold brigand's curare-tipped dart
             ... in a sewer.
             The game lasted 00:04:39 (3083 turns).

zeram the Chopper (Hill Orc Fighter)                Turns: 3083, Time: 00:04:40

Health: 0/53       AC:  9    Str: 20 (21) XL:     6   Next: 51%
Magic:  6/6        EV:  9    Int:  6 (8)  God:
Gold:   92         SH:  9    Dex:  7 (10) Spells: 5/5 levels left

rFire   . . .      SeeInvis .   a - +1 war axe
rCold   . . .      Faith    .   c - +0 buckler
rNeg    . . .      Spirit   .   b - +0 scale mail
rPois   .          Reflect  +   e - +1 helmet
rElec   .          Harm     .   (no cloak)
rCorr   .          Rampage  .   (no gloves)
Will    .....                   (no boots)
Stlth   ..........              o - amulet of reflection
HPRegen 0.17/turn               (no ring)
MPRegen 0.10/turn               (no ring)

@: lethally poisoned (0 -> -8), slowed, very slow
A: no striking features
a: no special abilities


You were in a sewer.
You visited 1 branch of the dungeon, and saw 4 of its levels.
You also visited: Sewer.

You collected 92 gold pieces.

Inventory:

Hand Weapons
 a - a +1 war axe (weapon)
 r - the +4 dagger "Morg" {pain, Will+ Int+5}
   (You found it on level 3 of the Dungeon)

   In the hands of one skilled in necromantic magic, it inflicts extra damage on
   living creatures.
   Int:       It affects your intelligence (+5).
   Will:      It increases your willpower.
Missiles
 d - a throwing net (quivered)
Armour
 b - a +0 scale mail (worn)
 c - a +0 buckler (worn)
 e - a +1 helmet (worn)
 n - a +0 helmet
Jewellery
 o - an amulet of reflection (around neck)
Wands
 k - a wand of flame (17)
Scrolls
 f - a scroll of vulnerability
 g - 2 scrolls of blinking
 h - 3 scrolls of immolation
 i - 2 scrolls of noise
 l - a scroll of enchant armour {unknown}
 m - a scroll of identify
 s - a scroll of fog {unknown}
 t - 2 scrolls of amnesia {unknown}
Potions
 p - 2 potions of mutation


   Skills:
 + Level 4.5 Fighting
 + Level 6.1 Axes
 + Level 5.0 Armour
 + Level 0.5 Dodging
 + Level 4.1 Shields


You had 5 spell levels left.
You didn't know any spells.
Your spell library was empty.

Dungeon Overview and Level Annotations

Branches:
Dungeon (4/15)              Sewer (1/1)
 Temple: D:4-7

Altars:
Gozag
Makhleb
Vehumet
Yredelemnul

Shops:
D:2 (

Annotations:
D:3 WaxSun's ghost, amateur BaAM


Message History

The kobold brigand shouts!
You hit the kobold.
You kill the kobold!
You hear a splash.
You hit the kobold.
You kill the kobold!
You hear a splash. x2
You hit the kobold brigand but do no damage.
The kobold brigand hits you with a +0 short sword.
The kobold brigand throws a curare-tipped dart.
The curare-tipped dart hits you.
You are poisoned.
You have difficulty breathing.
You feel yourself slow down.
The kobold brigand hits you but does no damage.
Your unstable footing causes you to fumble your attack.
You feel very sick.
The kobold brigand throws a curare-tipped dart.
The curare-tipped dart hits you.
You are more poisoned.
You have difficulty breathing.
* * * LOW HITPOINT WARNING * * *
You feel as though you will be slow longer.
You block the kobold brigand's attack.
* * * LOW HITPOINT WARNING * * *
You feel very sick.
The kobold brigand throws a curare-tipped dart.
You reflect the curare-tipped dart off an invisible shield around you!
The curare-tipped dart hits the kobold brigand.
The kobold brigand is poisoned.
The kobold brigand convulses.
The kobold brigand seems to slow down.
It was a potion of degeneration.
There was something very wrong with that liquid.
You feel weakened.
You feel dopey.
You feel clumsy.
* * * LOW HITPOINT WARNING * * *
You feel very sick.
The kobold brigand hits you but does no damage.
The kobold brigand hits you with a +0 short sword.
* * * LOW HITPOINT WARNING * * *
It was a potion of magic.
Magic courses through your body.
You die...

#.≈≈≈.# ##≈≈≈≈.##
################..≈≈≈≈.#
≈≈≈≈≈≈≈≈≈≈≈≈≈≈≈≈≈≈≈≈≈≈.#
################..≈≈≈..#
#.≈≈≈≈..# #.≈≈≈≈≈.#
#≈≈≈≈≈≈.# #@≈≈≈≈≈≈#
#K≈≈≈≈≈.# #)K)≈≈≈.#
#...)...# ####.#### ..
... ...# ..#


You could see 2 kobold brigands.

Vanquished Creatures
  Blork the orc (D:4)
  A gnoll shaman (D:4)
  Natasha (thrice) (D:3)
  Robin (D:3)
  5 gnolls (D:4)
  A river rat (Sewer)
  An adder (D:4)
  A worm (D:2)
  A dart slug (D:2)
  An orc (D:2)
  9 endoplasms
  A giant cockroach (D:2)
  15 goblins
  7 hobgoblins
  5 jackals
  3 quokkas
  4 ball pythons
  A bat (D:2)
  7 kobolds
  10 rats
78 creatures vanquished.

Notes
Turn   | Place    | Note
-------+----------+-------------------------------------------
     0 | D:1      | zeram the Hill Orc Fighter began the quest for the Orb.
     0 | D:1      | Reached XP level 1. HP: 19/19 MP: 1/1
    52 | D:1      | Found a faded altar of an unknown god.
   117 | D:1      | Reached XP level 2. HP: 27/27 MP: 2/2
   228 | D:1      | Reached skill level 3 in Axes
   755 | D:2      | Reached XP level 3. HP: 32/33 MP: 3/3
   829 | D:2      | Found a radiant altar of Vehumet.
   829 | D:2      | Found Roklu's Antique Weapon Boutique.
  1277 | D:3      | Found the +4 dagger "Morg" {pain, Will+ Int+5}
  1282 | D:3      | Noticed Natasha
  1293 | D:3      | Killed Natasha
  1294 | D:3      | Reached skill level 4 in Axes
  1294 | D:3      | Reached XP level 4. HP: 21/40 MP: 4/4
  1381 | D:3      | Noticed Natasha
  1386 | D:3      | Killed Natasha
  1490 | D:3      | Noticed Robin
  1509 | D:3      | Reached XP level 5. HP: 28/46 MP: 5/5
  1510 | D:3      | Killed Robin
  1524 | D:3      | Reached skill level 5 in Axes
  1917 | D:3      | Found a runed translucent gate.
  1918 | D:3      | Found a runed translucent gate.
  1918 | D:3      | Found a runed translucent gate.
  1918 | D:3      | Found an opulent altar of Gozag.
  1920 | D:3      | Noticed a water moccasin
  1920 | D:3      | Noticed WaxSun's ghost (amateur BaAM)
  1957 | D:3      | Noticed Natasha
  1964 | D:3      | Killed Natasha
  2091 | D:3      | Found a burning altar of Makhleb.
  2106 | D:3      | Found a faded altar of an unknown god.
  2112 | D:3      | Found a basalt altar of Yredelemnul.
  2394 | D:3      | HP: 2/47 [poisoned by a water moccasin]
  2668 | D:4      | Noticed Blork the orc
  2677 | D:4      | Killed Blork the orc
  2683 | D:4      | Reached XP level 6. HP: 47/53 MP: 6/6
  2798 | D:4      | Reached skill level 5 in Armour
  2968 | D:4      | Found a glowing drain.
  2971 | D:4      | Reached skill level 6 in Axes
  2979 | Sewer    | Entered a sewer
  3083 | Sewer    | Succumbed to a kobold brigand's curare-tipped dart

Illustrated notes

Levels and vault maps discovered:
D:1:      lemuel_arrival_muddy, layout_basic, ebering_ecumenical_altar_hall
D:2:      layout_basic, serial_shops, shop, basic_altar
D:3:      layout_loops_cross, nicolae_overflow_ecumenical_swirl,
          lightli_temple_of_fire, ebering_ghost_gozag, uniq_natasha, uniq_robin
D:4:      layout_loops_ring, minmay_temple_entry_ruins, portal_sewer_entry_d,
          uniq_blork_the_orc
Sewer:    sewer_kobolds

Skill      XL: |  1  2  3  4  5  6 |
---------------+-------------------+-----
Axes           | 3 4 5 6 |  6.1
Fighting       | 4 |  4.5
Armour         | 4 5 |  5.0
Shields        | 4 |  4.1
Dodging        | |  0.5

Action                   |  1- 3 |  4- 6 || total
-------------------------+-------+-------++-------
Melee: War axe           |    98 |    98 ||   196
Evoke: Wand              |       |     1 ||     1
  Use: Scroll            |     4 |     4 ||     8
       Potion            |       |     4 ||     4
Armor: Scale mail        |    43 |    38 ||    81
Dodge: Dodged            |    37 |    46 ||    83
Block: Buckler           |    21 |    57 ||    78
       Reflection        |       |     2 ||     2
